Map: Ascension to Aiur LE

Players

SRYNDEL - Winner!

  • Race: Protoss Protoss
  • Spawn Location: 11:00

NtoukaNTK

  • Race: Terran Terran
  • Spawn Location: 5:00

VOD

Have the link to the VOD?

Description

Time

  • Played on: Dec. 26, 2017, 9:41 a.m.
  • Length: 7:19
Show
View Real Time Build Order
Export as new Build Order

SRYNDEL Protoss - Winner!

Build Orders: 1 Gate Expand 

Get SALT Encoding   

  12  0:00  Probe  
  13  0:13  Probe  
  14  0:18  Pylon  
  14  0:25  Probe (Chrono Boost)  
  15  0:37  Probe (Chrono Boost), Gateway  
  16  0:45  Probe (Chrono Boost)  
  16  0:46  Assimilator  
  17  0:51  Probe  
  18  1:03  Probe  
  19  1:20  Nexus  
  19  1:32  Probe, Cybernetics Core  
  20  1:41  Assimilator  
  20  1:44  Probe  
  21  1:52  Pylon  
  21  1:56  Probe  
  23  2:08  Probe  
  23  2:10  Stalker, Warp Gate  
  23  2:13  Pylon  
  25  2:20  Probe  
  26  2:31  Robotics Facility  
  26  2:32  Probe (Chrono Boost)  
  26  2:35  Probe (Chrono Boost)  
  29  2:45  Probe (Chrono Boost)  
  29  2:47  Probe (Chrono Boost)  
  30  2:51  Probe (Chrono Boost)  
  30  2:52  Probe (Chrono Boost)  
  30  2:53  Stalker  
  34  2:59  Probe (Chrono Boost)  
  34  3:03  Probe (Chrono Boost)  
  36  3:10  Probe (Chrono Boost)  
  38  3:13  Probe (Chrono Boost), Gateway  
  38  3:15  Gateway  
  38  3:19  Probe (Chrono Boost)  
  39  3:20  Probe (Chrono Boost), Observer (Chrono Boost)  
  41  3:28  Probe  
  41  3:30  Probe  
  43  3:38  Observer (Chrono Boost)  
  43  3:41  Probe, Assimilator  
  45  3:43  Probe  
  45  3:44  Pylon  
  45  3:47  Pylon  
  46  3:51  Twilight Council  
  46  3:53  Probe  
  46  3:54  Forge  
  47  4:03  Immortal  
  51  4:20  Stalker x3  
  51  4:21  Shield Battery  
  51  4:23  Probe  
  51  4:24  Probe  
  59  4:27  Resonating Glaives  
  59  4:30  Protoss Ground Weapons Level 1 (Chrono Boost)  
  59  4:35  Probe  
  59  4:36  Probe  
  61  4:47  Pylon  
  61  4:49  Warp Prism  
  61  4:52  Pylon  
  63  4:53  Pylon  
  63  4:59  Gateway  
  63  5:02  Gateway  
  63  5:06  Gateway  
  63  5:12  Gateway  
  63  5:15  Gateway  
  63  5:22  Adept x3  
  69  5:36  Nexus  
  69  5:39  Pylon  
  69  5:42  Assimilator  
  69  5:56  Adept x2  
  73  5:57  Adept  
  73  6:01  Adept x3  
  81  6:09  Adept x2  
  85  6:19  Pylon  
  85  6:22  Adept x4  
  85  6:23  Adept x2  
  83  6:42  Observer  
  83  6:45  Adept x7  
  73  7:08  Adept x7  
Show
View Real Time Build Order
Export as new Build Order

NtoukaNTK Terran 

Build Orders: MMM Bio 

Get SALT Encoding   

  12  0:01  SCV  
  13  0:16  Supply Depot  
  13  0:17  SCV  
  14  0:29  SCV  
  15  0:40  Barracks  
  15  0:41  SCV  
  16  0:53  SCV  
  17  1:05  SCV  
  18  1:17  SCV  
  19  1:21  Command Center  
  19  1:30  Orbital Command  
  19  1:34  Marine  
  20  1:42  Supply Depot  
  20  1:55  Barracks  
  20  1:58  SCV  
  20  2:01  Refinery  
  21  2:02  Marine  
  22  2:10  SCV  
  23  2:22  SCV  
  24  2:28  Supply Depot  
  24  2:29  Marine  
  25  2:34  Orbital Command  
  25  2:39  Barracks  
  25  2:42  SCV  
  26  2:50  Refinery  
  26  2:55  Orbital Command  
  26  2:58  Supply Depot  
  26  3:03  Barracks Reactor  
  26  3:06  Barracks Tech Lab  
  26  3:09  SCV  
  27  3:19  Engineering Bay  
  27  3:20  Engineering Bay  
  27  3:21  SCV  
  27  3:23  SCV  
  29  3:33  SCV  
  30  3:34  Stimpack  
  30  3:35  SCV  
  30  3:41  Barracks Reactor  
  31  3:45  SCV, Marine  
  31  3:46  Marine  
  31  3:47  Marine  
  31  3:48  SCV  
  36  3:58  SCV  
  37  4:03  Marine  
  37  4:04  Marine  
  37  4:05  Marine  
  37  4:08  Terran Infantry Armor Level 1, Terran Infantry Weapons Level 1  
  40  4:21  Bunker  
  40  4:24  Marine x2  
  40  4:25  Marine x2, Supply Depot  
  40  4:26  Marine  
  45  4:35  Factory  
  45  4:37  SCV x2  
  47  4:49  SCV x2  
  47  4:52  Supply Depot  
  49  4:55  Refinery  
  49  4:56  Marine x2  
  49  4:57  Marine x3  
  54  5:01  SCV x2  
  56  5:13  SCV  
  56  5:14  SCV  
  58  5:17  Marine x4  
  58  5:20  Armory  
  62  5:24  Starport  
  62  5:25  SCV  
  62  5:26  SCV  
  62  5:27  Factory Reactor  
  62  5:28  Marine  
  64  5:34  Marine  
  64  5:35  Marine x3  
  67  5:36  Supply Depot  
  67  5:38  SCV  
  67  5:39  Combat Shields  
  70  5:46  Marine  
  70  5:49  SCV  
  72  5:50  SCV  
  72  5:52  Marine  
  72  5:53  Marine  
  75  6:15  SCV x2, Refinery  
  77  6:24  Marine x4  
  77  6:25  Marine  
  82  6:29  Command Center  
  82  6:30  Barracks  
  58  6:53  Marine  
  58  6:54  Marine x4  
  57  7:00  Bunker  
  61  7:04  Bunker  
  61  7:05  Bunker  
Tags
 
Add a new tag
Caveats
  • Supply blocks, unpowered buildings, or Contaminate may cause inaccurate times.
  • Supply counts are checked every 10 seconds.